 Dungeon Sprint DCSS version 0.29-a0-824-gd827844252 (webtiles) character file.

Game seed: 13184304622255773968

237 mhtbhm the Fighter (level 6, -1/66 HPs)
             Began as a Gargoyle Berserker on July 9, 2022.
             Was an Elder of Trog.
             Incinerated by a deep elf pyromancer (3 damage)
             ... with a sticky flame
             ... in the Dungeon (Sprint III: "The Ten Rune Challenge").
             The game lasted 00:01:33 (932 turns).

mhtbhm the Fighter (Gargoyle Berserker)              Turns: 932, Time: 00:01:34

Health: -1/66      AC: 11    Str: 22    XL:     6   Next: 6%
Magic:  6/6        EV: 11    Int:  8    God:    Trog [****..]
Gold:   21         SH:  0    Dex:  9    Spells: 5/5 levels left

rFire   . . .      SeeInvis .   a - +0 hand axe
rCold   . . .      Faith    .   (no shield)
rNeg    + . .      Spirit   .   b - +0 ring mail
rPois   ∞          Reflect  .   (no helmet)
rElec   +          Harm     .   j - +0 cloak
rCorr   .          Rampage  .   (no gloves)
Will    .....      NoTele   +   (no boots)
Stlth   ..........              (no amulet)
HPRegen 0.21/turn               (no ring)
MPRegen 0.10/turn               (no ring)

@: berserking, on fire, glowing, very quick
A: sickness immunity, AC +4, negative energy resistance 1, electricity
resistance, torment resistance 1, petrification resistance
a: Renounce Religion, Berserk, Trog's Hand, Brothers in Arms


You were in the Dungeon.
You worshipped Trog.
Trog was greatly pleased with you.
You visited 1 branch You collected 21 gold pieces.

Inventory:

Hand Weapons
 a - a +0 hand axe (weapon)
Armour
 b - a +0 ring mail (worn)
 j - a +0 cloak (worn)
Wands
 i - a wand of quicksilver (7)
Scrolls
 h - a scroll of blinking
 l - a scroll of poison {unknown}
 m - a scroll of enchant armour {unknown}
 o - a scroll of immolation {unknown}
 p - a scroll of identify {unknown}
Potions
 c - a potion of curing
 d - 2 potions of heal wounds
 e - a potion of haste
 f - 2 potions of magic
 g - a potion of berserk rage
 k - 3 potions of mutation {unknown}
 n - 4 potions of flight


   Skills:
 + Level 8.0 Fighting
 + Level 7.7 Axes
 + Level 5.1 Armour
 + Level 3.8 Dodging
 + Level 0.4 Stealth


You had 5 spell levels left.
You didn't know any spells.
Your spell library was empty.

Dungeon Overview and Level Annotations

Branches:
Dungeon (1/1)

Altars:
Dithmenos
Elyvilon
Kikubaaqudgha
Ru
Sif Muna
Vehumet
Yredelemnul
Zin
The Shining One


Innate Abilities, Weirdness & Mutations

You are immune to sickness and miasma.
Your stone body is resilient. (AC +4)
You are immune to poison.
You resist negative energy. (rN+)
You are resistant to electric shocks. (rElec)
You are resistant to unholy torment.
You are immune to petrification.


Message History

You open the door.
There is an open door here.
You open the door.
Found three altars.
A deep elf pyromancer comes into view.
It is wielding a +3 long sword of holy wrath.
Found a potion of curing.
The deep elf pyromancer shouts!
The deep elf pyromancer gestures wildly while chanting.
There is an open door here.
A red film seems to cover your vision as you go berserk!
You feel yourself moving faster!
You feel mighty!
You slash the deep elf pyromancer!
The deep elf pyromancer is moderately wounded.
You closely miss the fire elemental.
The deep elf pyromancer hits you with a +3 long sword of holy wrath!
The fire elemental hits you. The fire elemental burns you!
You hit the deep elf pyromancer.
The deep elf pyromancer is heavily wounded.
You barely miss the fire elemental. The fire elemental barely misses you.
You barely miss the deep elf pyromancer.
The deep elf pyromancer is heavily wounded.
You slash the fire elemental!
The deep elf pyromancer gestures at you while chanting.
The sticky flame hits you.
You are covered in liquid flames!
Unknown command.
You barely miss the deep elf pyromancer.
The deep elf pyromancer is heavily wounded.
You slash the fire elemental!
You are covered in liquid flames!
The fire elemental hits you. The fire elemental burns you!
The deep elf pyromancer gestures at you while chanting.
The bolt of fire hits you!!
* * * LOW HITPOINT WARNING * * *
Unknown command.
You barely miss the deep elf pyromancer.
The deep elf pyromancer is heavily wounded.
You hit the fire elemental.
You are covered in liquid flames!
You die...

▓▓▓▓▓▓▓ ▓▓▓ .'....♣♣♣
♣.##### #### .#....♣.♣
♣.#_°E# #__# ##....♣.♣
♣.#!eE# #._#
.#....≈♣♣♣♣♣.###@#+###÷##
.#.).≈≈..♣...#..........#
)#†.≈≈≈≈.♣♣♣.'.⌠........#
)#..≈≈≈≈≈≈...#...######+#
.#.≈≈≈≈≈≈....#.⌠.#
.#.≈≈≈≈≈.....#.).#
.#.≈≈≈.......#'###
##...........#.:)#
.............#___#


You could see a deep elf pyromancer and 2 fire elementals.

Vanquished Creatures
  A necrophage (D)
  A water elemental (D)
  Crazy Yiuf (D)
  Jessica (D)
  A necromancer (D)
  A kobold demonologist (D)
  A human (D)
  An endoplasm (D)
  2 rats (D)
10 creatures vanquished.

Vanquished Creatures (others)
  A wizard (D)
1 creature vanquished.

Grand Total: 11 creatures vanquished

Notes
Turn   | Place    | Note
-------+----------+-------------------------------------------
     0 | D        | mhtbhm the Gargoyle Berserker began the quest for the Orb.
     0 | D        | Reached XP level 1. HP: 14/14 MP: 1/1
     9 | D        | Noticed Jessica
    13 | D        | Killed Jessica
    13 | D        | Reached ** piety under Trog
    14 | D        | Reached skill level 5 in Fighting
    14 | D        | Reached XP level 2. HP: 21/21 MP: 2/2
    14 | D        | Reached XP level 3. HP: 26/26 MP: 3/3
   185 | D        | Noticed Crazy Yiuf
   197 | D        | Killed Crazy Yiuf
   198 | D        | Reached skill level 5 in Axes
   211 | D        | Reached skill level 6 in Fighting
   211 | D        | Reached XP level 4. HP: 5/32 MP: 4/4
   488 | D        | Noticed a water elemental
   492 | D        | Killed a water elemental
   492 | D        | Reached *** piety under Trog
   493 | D        | Reached skill level 7 in Fighting
   493 | D        | Reached XP level 5. HP: 38/38 MP: 5/5
   573 | D        | Found a shadowy altar of Dithmenos.
   589 | D        | Found a basalt altar of Yredelemnul.
   589 | D        | Found a sacrificial altar of Ru.
   594 | D        | Reached skill level 5 in Armour
   772 | D        | Found a radiant altar of Vehumet.
   772 | D        | Found a shimmering blue altar of Sif Muna.
   772 | D        | Found an ancient bone altar of Kikubaaqudgha.
   778 | D        | Reached **** piety under Trog
   779 | D        | Reached skill level 8 in Fighting
   779 | D        | Reached XP level 6. HP: 35/44 MP: 6/6
   925 | D        | Found a glowing silver altar of Zin.
   925 | D        | Found a glowing golden altar of the Shining One.
   925 | D        | Found a white marble altar of Elyvilon.
   926 | D        | Noticed a deep elf pyromancer
   927 | D        | Noticed a fire elemental
   927 | D        | Noticed a fire elemental
   931 | D        | HP: 2/66 [deep elf pyromancer/bolt of fire (32)]
   932 | D        | Incinerated by a deep elf pyromancer

Illustrated notes

Levels and vault maps discovered:
D:        dungeon_sprint_mu [sprint_mu_entry_forest, sprint_mu_temple_rooms,
          sprint_mu_d1_spiders, sprint_mu_d2_genie, sprint_mu_d3_branching,
          sprint_mu_orc_legion, sprint_mu_elf_gauntlet, sprint_mu_hive_nellie,
          sprint_mu_lair_fedhas, sprint_mu_vaults_butterflies,
          sprint_mu_slime_circle, sprint_mu_shoals_kraken,
          sprint_mu_snake_twists, sprint_mu_blade_basic,
          sprint_mu_crypt_fortress, sprint_mu_tomb_spiral,
          sprint_mu_vestibule_basic, sprint_mu_gehenna_hellfire,
          sprint_mu_dis_giant, sprint_mu_tartarus_statrot,
          sprint_mu_cocytus_islands, sprint_mu_zot1]

Skill      XL: |  1  2  3  4  5 |
---------------+----------------+-----
Axes           | 4 5 6 7 |  7.7
Fighting       | 5 6 7 8 |  8.0
Armour         | 3 4 5 |  5.1
Dodging        | 2 3 |  3.8
Stealth        | |  0.4

Action                   |  1- 3 |  4- 6 || total
-------------------------+-------+-------++-------
Melee: Hand axe          |    26 |    29 ||    55
       Punch             |       |     1 ||     1
Invok: Berserk           |     2 |     3 ||     5
Armor: Ring mail         |     2 |    11 ||    13
Dodge: Dodged            |    12 |     6 ||    18

Table legend: (Time is in decaauts)
 A = Elapsed time spent in this place.
 B = Non-inter-level travel time spent in this place.
 C = Inter-level travel time spent in this place.
 D = Time resting spent in this place.
 E = Time spent auto-exploring this place.
 F = Levels seen in this place.
 G = Mean time per level.
                   A        B        C        D        E       F      G
               +--------+--------+--------+--------+--------+-----+--------+
         Total |    967 |    967 |      0 |    774 |     15 |   1 |  967.0 |
       Dungeon |    967 |    967 |      0 |    774 |     15 |   1 |  967.0 |
               +--------+--------+--------+--------+--------+-----+--------+

Top non-repeatable levels by time:
       D: 967 daAuts
